 Dungeon Crawl Stone Soup version 0.22-a0-271-gc000056 (webtiles) character file.

24899 Ijustatesigmund the Severer (level 13, -3/123 HPs)
             Began as a Hill Orc Fighter on Mar 10, 2018.
             Was an Initiate of Cheibriados.
             Slain by a sun demon (20 damage)
             ... summoned by a kobold demonologist
             ... on level 11 of the Dungeon.
             The game lasted 00:31:02 (9965 turns).

Ijustatesigmund the Severer (Hill Orc Fighter)      Turns: 9965, Time: 00:31:03

Health: -3/123     AC:  5    Str: 21    XL:     13   Next: 16%
Magic:  16/16      EV: 11    Int: 10    God:    Cheibriados [......]
Gold:   215        SH: 12    Dex: 14    Spells: 9/12 levels left

rFire    . . .     SeeInvis +   a - +1 war axe
rCold    . . .     Gourm    .   c - +0 shield
rNeg     . . .     Faith    .   b - +0 scale mail
rPois    .         Spirit   .   k - +0 helmet
rElec    .         Reflect  .   i - scarf {repulsion}
rCorr    +         Harm     .   (no gloves)
MR       .....                  (no boots)
Stlth    ..........             e - amulet of regeneration
HPRegen  0.70/turn              x - ring of resist corrosion
MPRegen  0.15/turn              D - ring of see invisible

@: lethally poisoned (-3 -> -4), corroded, repel missiles, very slow
A: no striking features
a: Bend Time, Renounce Religion


You were on level 11 of the Dungeon.
You worshipped Cheibriados.
Cheibriados was noncommittal.
You were not hungry.

You visited 2 branches of the dungeon, and saw 12 of its levels.
You also visited: Bailey.

You collected 751 gold pieces.
You spent 536 gold pieces at shops.

Inventory:

Hand Weapons
 a - a +1 war axe (weapon)
Missiles
 y - 13 tomahawks of returning (quivered)
 G - 2 javelins of penetration
Armour
 b - a +0 scale mail (worn)
 c - a +0 shield (worn)
 i - a scarf of repulsion (worn)
 k - a +0 helmet (worn)
Jewellery
 d - an uncursed ring of ice
 e - an amulet of regeneration (around neck)
 g - a +6 amulet of reflection {unknown}
 x - a ring of resist corrosion (left hand)
 D - a ring of see invisible (right hand)
 E - an uncursed ring of positive energy
Wands
 h - a wand of acid (1)
 l - a wand of flame (17)
 q - a wand of digging (8)
 t - a wand of enslavement (8)
 w - a wand of paralysis (12)
Scrolls
 j - 4 scrolls of fog
 m - 3 scrolls of amnesia
 n - 3 scrolls of enchant weapon
 u - 3 scrolls of remove curse
 z - 3 scrolls of teleportation
Potions
 o - 6 potions of agility
 p - 2 potions of lignification
 r - 2 potions of might
 s - 7 potions of curing
 v - 2 potions of heal wounds
 A - a potion of brilliance
 B - 2 potions of flight
 C - a potion of cancellation {unknown}
Comestibles
 f - 28 rations
 H - 3 chunks of flesh


   Skills:
 - Level 13.8 Fighting
 - Level 15.5 Axes
 - Level 9.0 Armour
 - Level 4.2 Dodging
 - Level 9.0 Shields
 + Level 2.4 Translocations
 + Level 4.0 Invocations


You had 9 spell levels left.
You knew the following spells:

 Your Spells              Type           Power        Failure   Level  Hunger
a - Magic Dart            Conj           #...         88%         1    ##.....
b - Blink                 Tloc           N/A          71%         2    ###....


Dungeon Overview and Level Annotations

Branches:
Dungeon (11/15)            Temple (1/1) D:6            Lair (0/6) D:11
    Orc: D:9-12

Altars:
Ashenzari
Cheibriados
Dithmenos
Elyvilon
Fedhas
Gozag
Kikubaaqudgha
Nemelex Xobeh
Okawaru
Qazlal
Ru
Sif Muna
Trog
Uskayaw
Vehumet
Wu Jian
Xom
Yredelemnul
Zin
Lugonu

Shops:
D:9 *   D:11 :


Message History

The kobold demonologist hits you but does no damage.
The kobold demonologist gestures wildly while chanting.
The rust devil closely misses you.
You feel much better. The sun demon hits you!
* * * LOW HITPOINT WARNING * * *
You are engulfed in flames!
* * * LOW HITPOINT WARNING * * *
The kobold demonologist hits you but does no damage.
The rust devil completely misses you. You block the sun demon's attack.
As you read the scroll of holy word, it crumbles to dust.
You speak a Word of immense power!
The sun demon convulses!
The rust devil convulses!
You kill the rust devil!
The ynoxinul convulses!
You kill the ynoxinul!
You block the kobold demonologist's attack.
The kobold demonologist hits you but does no damage.
You are poisoned.
The sun demon hits you!!
You die...

....#.#.P###
#........#..
.##.#....P##..
###.........
.........P#..§♣
#.<.....##.
####..#...+.§..#
##.#........
#......+.._..
#..(..(..#.#
##≈....+#P...#♣♣
#..#####.#..
#....P#....... #..#
#.#.. #..#.P#P.P.≈K##
.#..# #.'..
#.≈..P##...#@K♣.#####
###..
##...P##P5.3.#..# #..
#....#####P....#
#####.#
###P.....#...###
#..∩.<. ###......###
#.###.# ########
####.#.... #....#.#..
#.####.#.. #.# #....


You could see a sun demon (dazed), 2 kobold demonologists and a shadow imp.

Vanquished Creatures
  3 two-headed ogres
  2 unseen horrors
  The ghost of Fingolfin the Digger, a novice DgEE (D:6)
  A centaur skeleton (D:10)
  A kobold demonologist (D:11)
  2 trolls
  Sigmund (D:5)
  2 wraiths (D:11)
  A wyvern (D:11)
  Menkaure (D:4)
  Edmund (D:6)
  A water moccasin (D:8)
  7 orc warriors
  3 ice beasts
  4 phantoms
  3 centaurs
  4 ogres
  A wolf (D:10)
  A big kobold (D:10)
  2 crocodiles (D:10)
  3 bullfrogs (D:11)
  2 gnoll sergeants
  A wyvern skeleton (D:11)
  6 scorpions
  A water moccasin skeleton (D:9)
  4 wights (D:7)
  5 killer bees (D:8)
  4 howler monkeys
  5 electric eels
  4 crimson imps
  2 centaur zombies
  A quasit (D:8)
  2 bullfrog zombies
  5 hounds
  2 jellies
  5 orc priests
  2 bullfrog skeletons
  2 gnoll shamans (D:10)
  12 orc wizards
  3 iguanas
  4 worker ants
  A hound zombie (D:5)
  2 worker ant zombies
  20 gnolls
  8 adders
  An adder zombie (D:9)
  3 worms
  4 dart slugs
  4 leopard geckos
  41 orcs
  5 giant cockroaches
  10 hobgoblins
  19 jackals
  8 quokkas
  A ball python (D:3)
  5 bats (D:1)
  2 frilled lizards (D:1)
  8 goblins
  18 kobolds
  6 rats (D:1)
  A demonic plant (D:11)
  A plant (D:6)
285 creatures vanquished.

Vanquished Creatures (collateral kills)
  2 orcs (D:8)
2 creatures vanquished.

Vanquished Creatures (others)
  An orc priest (D:8)
  An orc (D:8)
  A plant (D:11)
3 creatures vanquished.

Grand Total: 290 creatures vanquished

Notes
Turn   | Place    | Note
-------+----------+-------------------------------------------
     0 | D:1      | Ijustatesigmund the Hill Orc Fighter began the quest for the Orb.
     0 | D:1      | Reached XP level 1. HP: 19/19 MP: 1/1
    15 | D:1      | Reached skill level 3 in Axes
    21 | D:1      | Reached XP level 2. HP: 11/26 MP: 2/2
    46 | D:1      | Reached skill level 4 in Axes
   413 | D:1      | Reached XP level 3. HP: 27/31 MP: 3/3
   808 | D:2      | Reached skill level 5 in Axes
  1181 | D:2      | Reached XP level 4. HP: 15/40 MP: 4/4
  1614 | D:3      | Found a bloodstained altar of Trog.
  1617 | D:3      | Found an ornate altar of the Wu Jian Council.
  1620 | D:3      | Found a shimmering altar of Xom.
  1798 | D:3      | Found a hide-covered altar of Uskayaw.
  2141 | D:4      | Reached XP level 5. HP: 47/47 MP: 5/5
  2234 | D:4      | Reached skill level 6 in Axes
  2242 | D:4      | Reached skill level 5 in Fighting
  2417 | D:4      | Reached XP level 6. HP: 41/56 MP: 6/6
  2505 | D:4      | Reached skill level 7 in Axes
  2708 | D:4      | Noticed Menkaure
  2719 | D:4      | Killed Menkaure
  2719 | D:4      | Reached skill level 8 in Axes
  2833 | D:4      | Reached XP level 7. HP: 50/61 MP: 7/7
  2915 | D:4      | Reached skill level 9 in Axes
  3044 | D:4      | Found a bloodstained altar of Trog.
  3153 | D:5      | Entered Level 5 of the Dungeon
  3279 | D:5      | Reached skill level 10 in Axes
  3497 | D:5      | Reached XP level 8. HP: 67/69 MP: 8/8
  3603 | D:5      | Noticed Sigmund
  3613 | D:5      | Killed Sigmund
  3613 | D:5      | Reached skill level 11 in Axes
  3721 | D:5      | Found an iron altar of Okawaru.
  3721 | D:5      | Found a glowing silver altar of Zin.
  3943 | D:6      | Found a sacrificial altar of Ru.
  4071 | D:6      | Noticed Fingolfin's ghost (novice DgEE)
  4093 | D:6      | Killed Fingolfin's ghost
  4093 | D:6      | Reached skill level 13 in Axes
  4157 | D:6      | Found a basalt altar of Yredelemnul.
  4225 | D:6      | Reached XP level 9. HP: 74/74 MP: 9/9
  4409 | D:7      | Found an ancient bone altar of Kikubaaqudgha.
  4421 | D:7      | Found a stormy altar of Qazlal.
  4515 | D:7      | Reached skill level 1 in Dodging
  5134 | D:6      | Found a staircase to the Ecumenical Temple.
  5448 | D:6      | Noticed Edmund
  5468 | D:6      | Killed Edmund
  5517 | D:6      | Reached skill level 5 in Shields
  5750 | D:6      | Found a deep blue altar of Sif Muna.
  6028 | D:8      | Reached skill level 5 in Armour
  6075 | D:8      | Noticed a troll
  6080 | D:8      | Killed a troll
  6088 | D:8      | Noticed a two-headed ogre
  6100 | D:8      | Killed a two-headed ogre
  6100 | D:8      | Reached XP level 10. HP: 50/88 MP: 10/10
  6570 | D:8      | Found a shadowy altar of Dithmenos.
  6627 | D:8      | Noticed a two-headed ogre
  6634 | D:8      | HP: 4/88 [two-headed ogre/giant club (28)]
  7119 | D:8      | Killed a two-headed ogre
  7634 | D:9      | Found a flagged portal.
  7665 | Bailey   | Entered a bailey
  7684 | Bailey   | Noticed an orc warlord
  7877 | Bailey   | Found a runed gate.
  7879 | Bailey   | Found a runed gate.
  7881 | Bailey   | Found a runed gate.
  7988 | D:9      | Reached skill level 15 in Axes
  7988 | D:9      | Reached XP level 11. HP: 104/104 MP: 11/11
  7989 | D:9      | Reached XP level 12. HP: 113/113 MP: 12/12
  8152 | D:9      | Found Jari's Assorted Antiques.
  8169 | D:9      | Bought a blue potion for 31 gold pieces
  8169 | D:9      | Bought a scroll labeled GIMNUT SOOZIU for 35 gold pieces
  8169 | D:9      | Bought a silver ring for 175 gold pieces
  8169 | D:9      | Bought a scroll labeled VUKLAGUIRUW for 35 gold pieces
  8519 | D:10     | Entered Level 10 of the Dungeon
  9088 | D:10     | Reached XP level 13. HP: 108/123 MP: 13/13
  9282 | D:11     | Found a staircase to the Lair.
  9460 | Temple   | Entered the Ecumenical Temple
  9467 | Temple   | Became a worshipper of Cheibriados the Contemplative
  9642 | D:11     | Found Nithre Rats's Book Boutique.
  9648 | D:11     | Bought a book of Minor Magic for 260 gold pieces
  9650 | D:11     | Learned a level 1 spell: Magic Dart
  9653 | D:11     | Learned a level 2 spell: Blink
  9781 | D:11     | Reached skill level 1 in Invocations
  9812 | D:11     | Reached skill level 1 in Translocations
  9942 | D:11     | Found a corrupted altar of Lugonu.
  9965 | D:11     | Slain by a sun demon

Vault maps used:
D:1:      lightli_arrival_flooded_house
D:3:      eat_drink_and_be_merry_uskayaw, grunt_temple_overflow_diamond
D:4:      trog_book, uniq_menkaure
D:5:      gammafunk_temple_overflow_wave, first_ration, uniq_sigmund
D:6:      lemuel_blue_sif_altar, yredelemnul_altar_generic,
          minmay_temple_entry_overgrown, hangedman_abyss_or_decor_passed,
          chequers_big_river, nicolae_ru_the_path_less_chosen, uniq_edmund
D:7:      basic_altar, grunt_ogre_cave, small_statue_intersection,
          nicolae_qazlal_general_emergency
D:8:      marbit_many_paths, st_stairs_11
D:9:      enter_bailey_2, serial_shops, shop
D:10:     serial_gnoll_camp, gnoll_camp_mini_basic, gnoll_camp_mini_doghouse,
          gnoll_camp_mini_loothouse, gnoll_camp_medium_01, grunt_decor_arrowhead
D:11:     kennysheep_kobold_lugonu_temple, lair_entry_dummy, serial_shops, shop
Temple:   cyrus_circular_temple
Bailey:   bailey_axe_bossmonster_kennysheep, bailey

Skill      XL: |  1  2  3  4  5  6  7  8  9 10 11 12 13 |
---------------+----------------------------------------+-----
Axes           | 3 4 5 6 8 10 13 15 | 15.5
Fighting       | 4 5 7 11 12 13 | 13.8
Dodging        | 3 4 |  4.2
Armour         | 5 6 9 |  9.0
Shields        | 5 6 9 |  9.0
Invocations    | 4 |  4.0
Translocations | 2 |  2.4

Action                   |  1- 3 |  4- 6 |  7- 9 | 10-12 | 13-15 || total
-------------------------+-------+-------+-------+-------+-------++-------
Melee: War axe           |   114 |   106 |   302 |   396 |    93 ||  1011
Throw: Tomahawk          |       |       |       |     3 |       ||     3
Evoke: Wand              |       |       |     8 |    16 |       ||    24
  Use: Scroll            |     5 |     4 |     7 |    10 |     1 ||    27
       Potion            |       |     2 |     7 |     4 |     1 ||    14
  Eat: Ration            |       |     1 |     2 |     1 |     1 ||     5
       Chunk             |       |     3 |     4 |     6 |     1 ||    14
Armor: Scale mail        |    58 |    29 |    66 |    77 |    27 ||   257
Dodge: Dodged            |    34 |    27 |    70 |   123 |    31 ||   285
       Deflected         |     2 |     1 |     2 |    17 |       ||    22
Block: Shield            |    60 |    43 |    87 |   238 |    47 ||   475

Table legend:
 A = Spawn XP
 B = Non-spawn XP
 C = Spawn XP percentage of total XP
 D = Spawn monster count
 E = Non-spawn monster count
 F = Spawn count percentage of total count
 G = Total turns spent on level
                    A         B        C        D         E        F      G
               +---------+---------+-------+---------+---------+-------+---------
         Total |       0 |   15453 |   0.0 |       0 |     284 |   0.0 |  9965
               +---------+---------+-------+---------+---------+-------+---------
           D:1 |       0 |      52 |   0.0 |       0 |      30 |   0.0 |   805
           D:2 |       0 |      42 |   0.0 |       0 |      10 |   0.0 |   727
           D:3 |       0 |      42 |   0.0 |       0 |      12 |   0.0 |   559
           D:4 |       0 |     773 |   0.0 |       0 |      26 |   0.0 |  1062
           D:5 |       0 |     584 |   0.0 |       0 |      16 |   0.0 |   688
           D:6 |       0 |    1594 |   0.0 |       0 |      21 |   0.0 |  1457
           D:7 |       0 |     976 |   0.0 |       0 |      19 |   0.0 |   820
           D:8 |       0 |    3509 |   0.0 |       0 |      37 |   0.0 |  1707
           D:9 |       0 |     668 |   0.0 |       0 |      13 |   0.0 |   587
          D:10 |       0 |    3591 |   0.0 |       0 |      62 |   0.0 |   809
          D:11 |       0 |    3309 |   0.0 |       0 |      19 |   0.0 |   408
        Bailey |       0 |     313 |   0.0 |       0 |      19 |   0.0 |   321
               +---------+---------+-------+---------+---------+-------+---------
